| TOP OF THE 1ST |
|
Butte Copper Kings batting - Pitching for Bozeman Pheasants : RHP Jim Gott
|
|
Pitching: RHP Jim Gott
|
|
|
Batting: LHB David Dillard
|
0-0: Called Strike 0-1: Ball 1-1: Called Strike 1-2: Ball 2-2: Fly out, F6 (Popup, 56, EV 63.8 MPH)
|
|
Batting: SHB Pat Bone
|
0-0: Ball 1-0: Called Strike 1-1: Foul Ball, location: 2F 1-2: Strikes out swinging
|
|
Batting: RHB Kevin Sliwinski
|
0-0: Ball 1-0: Foul Ball, location: 2F 1-1: SINGLE (Flyball, 8RS, EV 93.8 MPH)
|
|
Batting: RHB William Allen
|
0-0: Called Strike 0-1: Called Strike 0-2: Ball 1-2: Strikes out swinging
|
| Top of the 1st over - 0 runs, 1 hit, 0 errors, 1 left on base; Butte 0 - Bozeman 0 |
| BOTTOM OF THE 1ST |
|
Bozeman Pheasants batting - Pitching for Butte Copper Kings : RHP Rafael Montalvo
|
|
Pitching: RHP Rafael Montalvo
|
|
|
Batting: SHB Marlin Methven
|
0-0: Foul Ball, location: 2F 0-1: Ball 1-1: Foul Ball, location: 2F 1-2: Ground out U3 (Groundball, 34, EV 105.6 MPH)
|
|
Batting: RHB Willie Picchioni
|
0-0: Swinging Strike 0-1: Ground out 4-3 (Groundball, 4S, EV 87.5 MPH)
|
|
Batting: LHB Billy Jo Robidoux
|
0-0: Swinging Strike 0-1: Ball 1-1: Ball 2-1: Foul Ball, location: 2F 2-2: Fly out, F7 (Flyball, 7LS, EV 90.6 MPH)
|
| Bottom of the 1st over - 0 runs, 0 hits, 0 errors, 0 left on base; Butte 0 - Bozeman 0 |
| TOP OF THE 2ND |
|
Butte Copper Kings batting - Pitching for Bozeman Pheasants : RHP Jim Gott
|
|
Batting: RHB Russ Anglin
|
0-0: Called Strike 0-1: Foul Ball, location: 2F 0-2: Ball 1-2: Fly out, F8 (Flyball, 8RM, EV 79.4 MPH)
|
|
Batting: RHB Robert McManus
|
0-0: Called Strike 0-1: Ball 1-1: Called Strike 1-2: Foul Ball, location: 2F 1-2: Strikes out swinging
|
|
Batting: RHB Edwin Ortiz
|
0-0: Ball 1-0: Fly out, F8 (Flyball, 8RXD, EV 85.0 MPH)
|
| Top of the 2nd over - 0 runs, 0 hits, 0 errors, 0 left on base; Butte 0 - Bozeman 0 |
| BOTTOM OF THE 2ND |
|
Bozeman Pheasants batting - Pitching for Butte Copper Kings : RHP Rafael Montalvo
|
|
Batting: LHB Steve Padia
|
0-0: Called Strike 0-1: Swinging Strike 0-2: Foul Ball, location: 2F 0-2: Fly out, F8 (Flyball, 8RM, EV 85.6 MPH)
|
|
Batting: LHB Russ Orrick
|
0-0: Called Strike 0-1: Ball 1-1: Ball 2-1: Ball 3-1: Foul Ball, location: 2F 3-2: Foul Ball, location: 2F 3-2: SINGLE (Groundball, 4MD, EV 97.5 MPH)
|
|
Batting: RHB Tom Duggan
|
0-0: Hit by Pitch Russ Orrick to second
|
|
Batting: LHB Billy Fink
|
0-0: Called Strike 0-1: SINGLE (Line Drive, 7S, EV 97.5 MPH) Russ Orrick to third Tom Duggan to second Runner from 3rd tries for Home, SAFE, throw by LF to home
|
|
Batting: RHB Greg Toler
|
0-0: Fielders Choice at 2nd, 5-4 (Groundball, 56S, EV 81.3 MPH) Tom Duggan to third
|
|
Batting: RHB John Duncan
|
0-0: Foul Ball, location: 2F 0-1: Ball 1-1: Foul Ball, location: 2F 1-2: Strikes out swinging
|
| Bottom of the 2nd over - 1 run, 2 hits, 0 errors, 2 left on base; Butte 0 - Bozeman 1 |
| TOP OF THE 3RD |
|
Butte Copper Kings batting - Pitching for Bozeman Pheasants : RHP Jim Gott
|
|
Batting: RHB Jose Escobar
|
0-0: Ball 1-0: Swinging Strike 1-1: Foul Ball, location: 2F 1-2: Strikes out looking
|
|
Batting: RHB Kenny Clark
|
0-0: Ball 1-0: Ball 2-0: Called Strike 2-1: Foul Ball, location: 2F 2-2: Foul Ball, location: 2F 2-2: Foul Ball, location: 2F 2-2: Ball 3-2: Strikes out swinging
|
|
Batting: LHB David Dillard
|
0-0: Ball 1-0: Fly out, F9 (Flyball, 9, EV 86.9 MPH)
|
| Top of the 3rd over - 0 runs, 0 hits, 0 errors, 0 left on base; Butte 0 - Bozeman 1 |
| BOTTOM OF THE 3RD |
|
Bozeman Pheasants batting - Pitching for Butte Copper Kings : RHP Rafael Montalvo
|
|
Batting: SHB Marlin Methven
|
0-0: Fly out, F8 (Flyball, 89D, EV 86.3 MPH)
|
|
Batting: RHB Willie Picchioni
|
0-0: Ball 1-0: Ball 2-0: Ground out 4-3 (Groundball, 4M, EV 86.3 MPH)
|
|
Batting: LHB Billy Jo Robidoux
|
0-0: Ball 1-0: Ball 2-0: Ball 3-0: Base on Balls
|
|
Batting: LHB Steve Padia
|
0-0: Ball 1-0: Ball 2-0: Called Strike 2-1: Called Strike 2-2: Fly out, F9 (Flyball, 9LM, EV 103.8 MPH)
|
| Bottom of the 3rd over - 0 runs, 0 hits, 0 errors, 1 left on base; Butte 0 - Bozeman 1 |
| TOP OF THE 4TH |
|
Butte Copper Kings batting - Pitching for Bozeman Pheasants : RHP Jim Gott
|
|
Batting: SHB Pat Bone
|
0-0: Called Strike 0-1: Ball 1-1: Foul Ball, location: 2F 1-2: Strikes out swinging
|
|
Batting: RHB Kevin Sliwinski
|
0-0: Called Strike 0-1: Called Strike 0-2: Strikes out swinging
|
|
Batting: RHB William Allen
|
0-0: SINGLE (Groundball, 6MD, EV 109.4 MPH)
|
|
Batting: RHB Russ Anglin
|
0-0: Called Strike 0-1: Fielders Choice at 2nd, 5-4 (Groundball, 56, EV 103.1 MPH)
|
| Top of the 4th over - 0 runs, 1 hit, 0 errors, 1 left on base; Butte 0 - Bozeman 1 |
| BOTTOM OF THE 4TH |
|
Bozeman Pheasants batting - Pitching for Butte Copper Kings : RHP Rafael Montalvo
|
|
Batting: LHB Russ Orrick
|
0-0: Foul Ball, location: 2F 0-1: Swinging Strike 0-2: Ball 1-2: Foul Ball, location: 2F 1-2: Foul Ball, location: 2F 1-2: Ground out 4-3 (Groundball, 4, EV 83.1 MPH)
|
|
Batting: RHB Tom Duggan
|
0-0: Called Strike 0-1: SINGLE (Line Drive, 89S, EV 93.8 MPH)
|
|
Batting: LHB Billy Fink
|
0-0: Swinging Strike 0-1: Ball 1-1: Ball 2-1: Fly out, F6 (Popup, 6MS, EV 74.4 MPH)
|
|
Batting: RHB Greg Toler
|
0-0: Fly out, F9 (Flyball, 9LM, EV 95.6 MPH)
|
| Bottom of the 4th over - 0 runs, 1 hit, 0 errors, 1 left on base; Butte 0 - Bozeman 1 |
| TOP OF THE 5TH |
|
Butte Copper Kings batting - Pitching for Bozeman Pheasants : RHP Jim Gott
|
|
Batting: RHB Robert McManus
|
0-0: Foul Ball, location: 2F 0-1: SINGLE (Groundball, 4MD, EV 100.6 MPH)
|
|
Batting: RHB Edwin Ortiz
|
0-0: Bunted foul 0-1: Sac Bunt to 23 - play at first, batter OUT! 3-4 Robert McManus to second
|
|
Batting: RHB Jose Escobar
|
0-0: Ball 1-0: SINGLE (Line Drive, 6MD, EV 102.5 MPH) Robert McManus to third Runner from 3rd tries for Home, SAFE, throw by CF to home
|
|
Batting: RHB Kenny Clark
|
0-0: Ball Jose Escobar is caught stealing 2nd base 2-4 1-0: Ball 2-0: Foul Ball, location: 2F 2-1: Ground out 5-3 (Groundball, 56, EV 80.6 MPH)
|
| Top of the 5th over - 1 run, 2 hits, 0 errors, 0 left on base; Butte 1 - Bozeman 1 |
| BOTTOM OF THE 5TH |
|
Bozeman Pheasants batting - Pitching for Butte Copper Kings : RHP Rafael Montalvo
|
|
Batting: RHB John Duncan
|
0-0: Ball 1-0: Fly out, F8 (Flyball, 8RM, EV 85.0 MPH)
|
|
Batting: SHB Marlin Methven
|
0-0: Ball 1-0: Ball 2-0: Ball 3-0: Called Strike 3-1: Foul Ball, location: 2F 3-2: Base on Balls
|
|
Batting: RHB Willie Picchioni
|
0-0: Ball 1-0: Swinging Strike 1-1: Called Strike 1-2: Ball 2-2: Ball 3-2: Foul Ball, location: 2F 3-2: Fielders Choice at 2nd, 6-4 (Groundball, 6, EV 88.8 MPH)
|
|
Batting: LHB Billy Jo Robidoux
|
0-0: Called Strike 0-1: Ball 1-1: Ground out 6-3 (Groundball, 6M, EV 100.0 MPH)
|
| Bottom of the 5th over - 0 runs, 0 hits, 0 errors, 1 left on base; Butte 1 - Bozeman 1 |
| TOP OF THE 6TH |
|
Butte Copper Kings batting - Pitching for Bozeman Pheasants : RHP Jim Gott
|
|
Batting: LHB David Dillard
|
0-0: Ball 1-0: Fly out, F8 (Flyball, 8LM, EV 85.6 MPH)
|
|
Batting: SHB Pat Bone
|
0-0: Foul Ball, location: 2F 0-1: Ball 1-1: Foul Ball, location: 2F 1-2: Foul Ball, location: 2F 1-2: Foul Ball, location: 2F 1-2: Ground out 6-3 (Groundball, 6, EV 77.5 MPH)
|
|
Batting: RHB Kevin Sliwinski
|
0-0: Ball 1-0: Called Strike 1-1: Ball 2-1: Ball 3-1: Foul Ball, location: 2F 3-2: Base on Balls
|
|
Batting: RHB William Allen
|
0-0: Ball Passed Ball! Kevin Sliwinski to second 1-0: Called Strike 1-1: Called Strike 1-2: Foul Ball, location: 2F 1-2: Strikes out swinging
|
| Top of the 6th over - 0 runs, 0 hits, 0 errors, 1 left on base; Butte 1 - Bozeman 1 |
| BOTTOM OF THE 6TH |
|
Bozeman Pheasants batting - Pitching for Butte Copper Kings : RHP Rafael Montalvo
|
|
Pitching: RHP Kevin Quirk
|
|
|
Batting: LHB Steve Padia
|
0-0: Called Strike 0-1: Foul Ball, location: 2F 0-2: Ball 1-2: SOLO HOME RUN (Flyball, 9LD, EV 110.0 MPH), Distance : 363 ft
|
|
Batting: LHB Russ Orrick
|
0-0: Ball 1-0: Ball 2-0: Ball 3-0: Base on Balls
|
|
Batting: RHB Tom Duggan
|
0-0: Foul Ball, location: 2F 0-1: Foul Ball, location: 2F 0-2: Foul Ball, location: 2F 0-2: Ball 1-2: Ball 2-2: Fly out, F8 (Flyball, 8RXD, EV 101.9 MPH)
|
|
Batting: LHB Billy Fink
|
0-0: Ball 1-0: Called Strike 1-1: Ball 2-1: Swinging Strike 2-2: Ball 3-2: Base on Balls Russ Orrick to second
|
|
Batting: RHB Greg Toler
|
0-0: Ball 1-0: Ball 2-0: Ball 3-0: Called Strike 3-1: Base on Balls Russ Orrick to third Billy Fink to second
|
|
Batting: RHB John Duncan
|
0-0: Foul Ball, location: 2F 0-1: Grounds into fielders choice 1-2 (Groundball, 23, EV 69.4 MPH) Billy Fink to third Greg Toler to second
|
|
Batting: SHB Marlin Methven
|
0-0: Called Strike 0-1: Ball 1-1: Ball 2-1: Swinging Strike 2-2: Foul Ball, location: 2F 2-2: Ball 3-2: Base on Balls Billy Fink scores Greg Toler to third John Duncan to second
|
|
Pitching: LHP Kenneth Stelly
|
|
|
Batting: RHB Willie Picchioni
|
0-0: Called Strike 0-1: Ball 1-1: Called Strike 1-2: Strikes out swinging
|
| Bottom of the 6th over - 2 runs, 1 hit, 0 errors, 3 left on base; Butte 1 - Bozeman 3 |
| TOP OF THE 7TH |
|
Butte Copper Kings batting - Pitching for Bozeman Pheasants : RHP Jim Gott
|
|
Batting: RHB Russ Anglin
|
0-0: Ball 1-0: Foul Ball, location: 2F 1-1: Foul Ball, location: 2F 1-2: Ball 2-2: Ground out 1-3 (Groundball, 34S, EV 68.8 MPH)
|
|
Batting: RHB Robert McManus
|
0-0: Fly out, F4 (Flyball, 4D, EV 88.8 MPH)
|
|
Batting: RHB Edwin Ortiz
|
0-0: Swinging Strike 0-1: SINGLE (Groundball, 56D, EV 103.8 MPH)
|
|
Batting: RHB Jose Escobar
|
0-0: Ball 1-0: Fly out, F6 (Popup, 6S, EV 66.9 MPH)
|
| Top of the 7th over - 0 runs, 1 hit, 0 errors, 1 left on base; Butte 1 - Bozeman 3 |
| BOTTOM OF THE 7TH |
|
Bozeman Pheasants batting - Pitching for Butte Copper Kings : LHP Kenneth Stelly
|
|
Batting: LHB Billy Jo Robidoux
|
0-0: Ball 1-0: Ball 2-0: Swinging Strike 2-1: Ball 3-1: Base on Balls
|
|
Batting: LHB Steve Padia
|
0-0: Foul Ball, location: 2F 0-1: Called Strike 0-2: Foul Ball, location: 2F 0-2: Fly out, F9 (Flyball, 9D, EV 95.0 MPH)
|
|
Batting: LHB Russ Orrick
|
0-0: Foul Ball, location: 2F 0-1: Ball 1-1: Grounds into double play, 4-6-3 (Groundball, 4M, EV 97.5 MPH)
|
| Bottom of the 7th over - 0 runs, 0 hits, 0 errors, 0 left on base; Butte 1 - Bozeman 3 |
| TOP OF THE 8TH |
|
Butte Copper Kings batting - Pitching for Bozeman Pheasants : RHP Jim Gott
|
|
Batting: RHB Kenny Clark
|
0-0: Foul Ball, location: 2F 0-1: Fly out, F9 (Flyball, 89D, EV 98.1 MPH)
|
|
Batting: LHB David Dillard
|
0-0: Called Strike 0-1: Swinging Strike 0-2: Ball 1-2: Foul Ball, location: 2F 1-2: Strikes out swinging
|
|
Batting: SHB Pat Bone
|
0-0: Ball 1-0: Fly out, F7 (Flyball, 78S, EV 93.8 MPH)
|
| Top of the 8th over - 0 runs, 0 hits, 0 errors, 0 left on base; Butte 1 - Bozeman 3 |
| BOTTOM OF THE 8TH |
|
Bozeman Pheasants batting - Pitching for Butte Copper Kings : LHP Kenneth Stelly
|
|
Batting: RHB Tom Duggan
|
0-0: Called Strike 0-1: Ball 1-1: Ball 2-1: Fly out, F9 (Flyball, 89S, EV 79.4 MPH)
|
|
Batting: LHB Billy Fink
|
0-0: Ball 1-0: Called Strike 1-1: Ball 2-1: SOLO HOME RUN (Flyball, 89XD, EV 96.9 MPH), Distance : 427 ft
|
|
Batting: RHB Greg Toler
|
0-0: Ball 1-0: Foul Ball, location: 2F 1-1: DOUBLE (Line Drive, 89M, EV 104.4 MPH)
|
|
Batting: RHB John Duncan
|
0-0: Ball 1-0: Ball 2-0: Swinging Strike 2-1: Ball 3-1: Base on Balls
|
|
Batting: SHB Marlin Methven
|
0-0: Called Strike 0-1: Fielders Choice at 2nd, 1-6 (Groundball, 23, EV 66.3 MPH) Greg Toler to third
|
|
Batting: RHB Willie Picchioni
|
0-0: Called Strike 0-1: Fielders Choice at 2nd, 5-4 (Groundball, 56, EV 90.6 MPH)
|
| Bottom of the 8th over - 1 run, 2 hits, 0 errors, 2 left on base; Butte 1 - Bozeman 4 |
| TOP OF THE 9TH |
|
Butte Copper Kings batting - Pitching for Bozeman Pheasants : RHP Jim Gott
|
|
Batting: RHB Kevin Sliwinski
|
0-0: Called Strike 0-1: Ball 1-1: Swinging Strike 1-2: Foul Ball, location: 2F 1-2: Ball 2-2: Strikes out swinging
|
|
Batting: RHB William Allen
|
0-0: Ball 1-0: Foul Ball, location: 2F 1-1: Foul Ball, location: 2F 1-2: Foul Ball, location: 2F 1-2: Ball 2-2: DOUBLE (Line Drive, 7LM, EV 106.9 MPH)
|
|
Batting: RHB Russ Anglin
|
0-0: Ball 1-0: Ground out 6-3 (Groundball, 6, EV 86.9 MPH) William Allen to third
|
|
Batting: RHB Robert McManus
|
0-0: Ball 1-0: Swinging Strike 1-1: Swinging Strike 1-2: Ground out 4-3 (Groundball, 4, EV 83.1 MPH)
|
| Top of the 9th over - 0 runs, 1 hit, 0 errors, 1 left on base; Butte 1 - Bozeman 4 |
|